 Dungeon Crawl Stone Soup version 0.22.0-49-gab54619674 (webtiles) character file.

360270 monitor4703 the Hoplite (level 21, -1/171 HPs)
             Began as a Minotaur Fighter on Sept 6, 2018.
             Was the Champion of Okawaru.
             Splashed by the Royal Jelly's acid (4 damage)
             ... on level 5 of the Pits of Slime on Sept 7, 2018.
             The game lasted 04:55:43 (60366 turns).

monitor4703 the Hoplite (Minotaur Fighter)         Turns: 60366, Time: 04:55:43

Health: -1/171     AC: 20    Str: 29    XL:     21   Next: 47%
Magic:  23/23      EV:  8    Int:  7    God:    Okawaru [******]
Gold:   3928       SH: 25    Dex: 17    Spells: 20/20 levels left

rFire    + . .     SeeInvis +   U - +4 demon trident (drain)
rCold    + . .     Gourm    .   c - +0 shield
rNeg     + . .     Faith    .   m - +13 plate armour of the Onion {Int+2}
rPois    +         Spirit   .   I - -2 hat of the Alchemist {rElec rPois rF+ rC+ rN+ MR+ rMut rCorr}
rElec    +         Reflect  +   T - +1 cloak {MR+}
rCorr    +         Harm     .   L - +0 pair of gloves {archery}
rMut     +         Rnd*Rage +   r - +2 pair of boots {Fly}
MR       +++..     Rnd*Tele +   s - +6 amulet of reflection
Stlth    ..........             N - ring of see invisible
HPRegen  0.00/turn              E - +5 ring of strength
MPRegen  0.18/turn

@: corroded, flying, studying Evocations
A: retaliatory headbutt, horns 2, berserk 1, blink, blurry vision 1,
deterioration 1, frail 2, low mp 1, inhibited regeneration, teleportitis 1,
subdued magic 1
}: 2/15 runes: decaying, serpentine
a: Blink, Heroism, Finesse, Renounce Religion, Stop Flying


You were on level 5 of the Pits of Slime.
You worshipped Okawaru.
Okawaru was exalted by your worship.
You were not hungry.

You visited 8 branches of the dungeon, and saw 41 of its levels.
You visited the Abyss 1 time.
You also visited: Trove.

You collected 4006 gold pieces.
You spent 78 gold pieces at shops.

Inventory:

Hand Weapons
 U - a +4 demon trident of draining (weapon)
Armour
 c - a +0 shield (worn)
 m - the +13 plate armour of the Onion (worn) {Int+2}
   (Okawaru gifted it to you on level 1 of the Pits of Slime)

   It affects your intelligence (+2).
 o - a scarf of repulsion
 r - a +2 pair of boots of flying (worn)
 C - the +0 hat of Discretion {rC+ Str+6}
   (Okawaru gifted it to you on level 3 of the Vaults)

   It affects your strength (+6).
   It protects you from cold.
 I - the -2 hat of the Alchemist (worn) {rElec rPois rF+ rC+ rN+ MR+ rMut rCorr}
   (You acquired it on level 4 of the Lair of Beasts)

   It protects you from fire.
   It protects you from cold.
   It insulates you from electricity.
   It protects you from poison.
   It protects you from negative energy.
   It affects your resistance to hostile enchantments.
   It provides partial protection from all sources of acid and corrosion.
   It protects you from mutation.
 J - the +9 plate armour "Ocwot" {Stlth+}
   (Okawaru gifted it to you on level 2 of the Snake Pit)

   It makes you more stealthy.
 L - a +0 pair of gloves of archery (worn)
 T - a +1 cloak of magic resistance (worn)
Jewellery
 s - a +6 amulet of reflection (around neck)
 E - a +5 ring of strength (right hand)
 N - a ring of see invisible (left hand)
Wands
 b - a wand of acid (29)
 u - a wand of disintegration (15)
 y - a wand of iceblast (13)
 D - a wand of flame (47)
 F - a wand of scattershot (3)
 P - a wand of digging (23)
Scrolls
 e - 12 scrolls of identify
 g - 30 scrolls of remove curse
 i - 16 scrolls of teleportation
 j - 3 scrolls of magic mapping
 p - 5 scrolls of amnesia
 v - 2 scrolls of enchant weapon
 z - 7 scrolls of fog
 B - 2 scrolls of blinking
 G - 2 scrolls of holy word
 K - 8 scrolls of enchant armour
 O - a scroll of brand weapon
Potions
 d - 8 potions of might
 h - 3 potions of resistance
 k - 4 potions of ambrosia
 l - 4 potions of agility
 n - 3 potions of haste
 q - 3 potions of brilliance
 t - a potion of magic
 w - 5 potions of heal wounds
 x - 15 potions of curing
 A - 3 potions of berserk rage
 H - 2 potions of invisibility
 Q - a potion of cancellation
 R - 2 potions of lignification
Books
 a - a manual of Evocations
Comestibles
 f - 55 rations


   Skills:
 * Level 24.2 Fighting
 + Level 22.0 Polearms
 - Level 10.0 Armour
 - Level 25.0 Shields
 - Level 9.0 Invocations
 - Level 4.0 Evocations


You had 20 spell levels left.
You didn't know any spells.
Your spell library contained the following spells:

 Spells                   Type           Power        Failure   Level  Hunger
 Animate Skeleton         Necr           N/A          97%         1    ##.....
 Apportation              Tloc           #.....       97%         1    ##.....
 Beastly Appendage        Tmut           #.....       97%         1    ##.....
 Corona                   Hex            #......      97%         1    ##.....
 Infusion                 Chrm           #...         97%         1    ##.....
 Magic Dart               Conj           #...         97%         1    ##.....
 Pain                     Necr           #...         97%         1    ##.....
 Sandblast                Erth           #.....       97%         1    ##.....
 Sting                    Conj/Pois      #...         97%         1    ##.....
 Summon Small Mammal      Summ           #...         97%         1    ##.....
 Blink                    Tloc           N/A          99%         2    ###....
 Call Imp                 Summ           #.......     99%         2    ###....
 Corpse Rot               Necr           N/A          99%         2    ###....
 Ensorcelled Hibernation  Hex/Ice        #.....       99%         2    ###....
 Passwall                 Tmut/Erth      #.......     99%         2    ###....
 Poisonous Vapours        Pois/Air       #.....       99%         2    ###....
 Searing Ray              Conj           #.....       99%         2    ###....
 Shroud of Golubria       Chrm/Tloc      #.........   99%         2    ###....
 Slow                     Hex            #.......     99%         2    ###....
 Song of Slaying          Chrm           #.......     99%         2    ###....
 Sticks to Snakes         Tmut           #.......     99%         2    ###....
 Sublimation of Blood     Necr           #.........   99%         2    ###....
 Call Canine Familiar     Summ           #.......     100%        3    ####...
 Confuse                  Hex            #.......     100%        3    ####...
 Conjure Flame            Conj/Fire      #.......     100%        3    ####...
 Dazzling Spray           Conj/Hex       #.....       100%        3    ####...
 Mephitic Cloud           Conj/Pois/Air  #.......     100%        3    ####...
 Regeneration             Chrm/Necr      #.........   100%        3    ####...
 Spectral Weapon          Hex/Chrm       #.......     100%        3    ####...
 Spider Form              Tmut/Pois      #.........   100%        3    ####...
 Stone Arrow              Conj/Erth      #.....       100%        3    ####...
 Summon Guardian Golem    Hex/Summ       #.......     100%        3    ####...
 Tukima's Dance           Hex            #.......     100%        3    ####...
 Vampiric Draining        Necr           #.........   100%        3    ####...
 Animate Dead             Necr           N/A          100%        4    #####..
 Force Lance              Conj/Tloc      #.......     100%        4    #####..
 Fulminant Prism          Conj/Hex       #.........   100%        4    #####..
 Ice Form                 Ice/Tmut       #.......     100%        4    #####..
 Iskenderun's Mystic Bla  Conj           #.......     100%        4    #####..
 Olgreb's Toxic Radiance  Pois           #.......     100%        4    #####..
 Passage of Golubria      Tloc           N/A          100%        4    #####..
 Petrify                  Tmut/Erth      #.......     100%        4    #####..
 Summon Ice Beast         Ice/Summ       #.......     100%        4    #####..
 Summon Lightning Spire   Summ/Air       #.......     100%        4    #####..
 Agony                    Necr           #.......     100%        5    ######.
 Blade Hands              Tmut           #.........   100%        5    ######.
 Bolt of Draining         Conj/Necr      #.........   100%        5    ######.
 Dispel Undead            Necr           #.......     100%        5    ######.
 Excruciating Wounds      Chrm/Necr      #.........   100%        5    ######.
 Lee's Rapid Deconstruct  Erth           #.........   100%        5    ######.
 Metabolic Englaciation   Hex/Ice        #.........   100%        5    ######.
 Venom Bolt               Conj/Pois      #.........   100%        5    ######.
 Bolt of Cold             Conj/Ice       #.........   100%        6    #######
 Freezing Cloud           Conj/Ice/Air   #.........   100%        6    #######
 Ozocubu's Refrigeration  Ice            #.........   100%        6    #######
 Simulacrum               Ice/Necr       #.........   100%        6    #######
 Disjunction              Tloc           #.........   100%        8    #######


Dungeon Overview and Level Annotations

Branches:
Dungeon (15/15)            Temple (1/1) D:6            Lair (6/6) D:11
  Swamp (4/4) Lair:4        Snake (4/4) Lair:3        Slime (5/5) Lair:6
    Orc (2/2) D:12            Elf (0/3) Orc:2        Vaults (4/5) D:14
  Crypt (0/3) Vaults:2     Depths (0/5) D:15

Altars:
Ashenzari
Cheibriados
Dithmenos
Elyvilon
Fedhas
Gozag
Hepliaklqana
Kikubaaqudgha
Makhleb
Nemelex Xobeh
Okawaru
Qazlal
Ru
Sif Muna
Trog
Uskayaw
Vehumet
Wu Jian
Xom
Yredelemnul
Zin
The Shining One
Jiyva

Shops:
D:4 [*(   D:13 [   Orc:2 [?}?!   Vaults:1 (   Vaults:2 *   Vaults:4 (

Portals:
Pandemonium: Orc:2

Annotations:
D:6 2 transporters, raetorn's ghost, novice DgTm
Swamp:2 1 runed door, Ufederph's ghost, journeyman DsGl
Slime:5 Royal Jelly
Vaults:2 3 runed doors, 1 exclusion, Jiecvoet's ghost, veteran GrFi


Innate Abilities, Weirdness & Mutations

You reflexively headbutt those who attack you in melee.
You have a pair of horns on your head.
You tend to lose your temper in combat.
You can translocate small distances at will.
Scrolls take you a little longer to read.
Your body sometimes deteriorates upon taking damage.
You are very frail. (-20% HP)
Your magical capacity is low. (-10% MP)
You do not regenerate when monsters are visible.
You are occasionally teleported next to monsters.
Your spells are a little easier to cast, but a little less powerful.


Message History

* * * LOW HITPOINT WARNING * * *
You are splashed with acid!
The acid burns!
You resist.
* * * LOW HITPOINT WARNING * * *
You block the Royal Jelly's attack.
Unknown command.
You block the Royal Jelly's attack. x2
You block the Royal Jelly's attack.
The Royal Jelly hits you but does no damage.
The Royal Jelly jiggles.
The Royal Jelly hits you.
* * * LOW HITPOINT WARNING * * *
You are splashed with acid!
The acid burns!
You resist.
* * * LOW HITPOINT WARNING * * *
You block the Royal Jelly's attack. You block the Royal Jelly's attack. x2
You block the Royal Jelly's attack. x2
The Royal Jelly hits you!
* * * LOW HITPOINT WARNING * * *
You are splashed with acid!
The acid burns!
You resist.
You die...

.......########
......#.......###
................##
.................##
..................##
...................##
....................#
....................#
...............J@<..######
.......................#.#
.........................###
.........................#.#
...........................# ###
..........................###..#
..........................#....#
#####.####...................#.#
#%##..##?##...................##


You could see the Royal Jelly.

Vanquished Creatures
  A tentacled monstrosity (Swamp:1)
  17 acid blobs
  2 tentacled starspawn (Abyss:2)
  A thorn hunter (Swamp:4)
  Agnes (Snake:2)
  11 nagarajas
  2 frost giants (Vaults:4)
  A fire giant (Vaults:3)
  12 azure jellies
  A deep elf sorcerer (Vaults:3)
  11 vault wardens
  An entropy weaver (Vaults:4)
  7 ironheart preservers
  14 very ugly things
  4 stone giants
  A deep elf demonologist (Vaults:3)
  A starcursed mass (Abyss:2)
  Snorg (Orc:2)
  An ettin (Vaults:4)
  2 death oozes
  3 fire dragons
  9 ogre magi
  Josephine (Swamp:1)
  3 rakshasas
  4 yaktaur captains
  9 vault guards
  15 great orbs of eyes
  19 hydras
  2 ice dragons
  Fannar (D:11)
  13 naga warriors
  4 ghost crabs
  7 centaur warriors
  26 two-headed ogres
  7 alligators
  A catoblepas (Lair:6)
  2 death knights
  14 anacondas
  9 death yaks
  5 orc high priests
  3 tengu warriors
  Urug (Lair:6)
  2 deep troll shamans
  9 naga sharpshooters
  6 shock serpents
  7 skeletal warriors (Vaults:2)
  A salamander mystic (Snake:3)
  4 deep elf knights
  2 shadow wraiths
  4 wretched stars (Abyss:2)
  4 large abominations (Abyss:2)
  5 swamp dragons
  4 wizards
  A flayed ghost (Vaults:1)
  A spriggan druid (Swamp:3)
  6 deep trolls (Vaults:4)
  2 unseen horrors
  2 glowing orange brains
  2 deep elf archers
  A torturous demonspawn (Orc:2)
  A shadow demon (Abyss:2)
  13 ironbrand convokers
  8 naga ritualists
  A gelid demonspawn (Orc:2)
  A lindwurm (Lair:5)
  A shambling mangrove (Swamp:4)
  3 necromancers
  A phantasmal warrior (Vaults:2)
  Pikel (D:8)
  2 harpies
  2 mana vipers (Snake:3)
  12 shining eyes
  38 ugly things
  A wolf spider (Vaults:3)
  14 deep elf magi
  An oklob plant (Lair:4)
  A worldbinder (Abyss:2)
  11 orc sorcerers
  12 orc knights
  8 salamanders
  3 cyclopes
  A salamander (shapeshifter) (Vaults:1)
  5 manticores
  4 elephants
  An elephant (shapeshifter) (Vaults:1)
  A stone giant skeleton (Vaults:2)
  27 naga magi
  4 guardian serpents
  14 vault sentinels
  2 rust devils
  2 frost giant skeletons
  A torpor snail (Lair:5)
  A gargoyle (D:12)
  23 black mambas
  24 spiny frogs
  2 eyes of devastation
  A komodo dragon (shapeshifter) (Vaults:1)
  15 freezing wraiths
  A rime drake (Lair:6)
  A hellwing (Orc:2)
  An efreet (D:14)
  9 komodo dragons
  A yaktaur skeleton (Vaults:2)
  An ice devil (Orc:2)
  7 yaktaurs
  A tengu conjurer (D:14)
  A red devil (Orc:2)
  3 meliai (D:15)
  A polar bear (Lair:2)
  A hornet (shapeshifter) (Vaults:1)
  7 trolls
  9 hornets
  8 tyrant leeches
  A jumping spider (Vaults:4)
  4 dream sheep (Lair:6)
  A sphinx simulacrum (Vaults:1)
  21 blink frogs
  11 bog bodies
  116 slime creatures
  A meliai zombie (D:12)
  4 hippogriffs
  Sigmund (D:4)
  3 spriggans
  3 shadows
  An ettin skeleton (Vaults:2)
  2 wyverns
  A yak (shapeshifter) (Vaults:4)
  4 water elementals (D:15)
  5 wraiths
  3 ynoxinuls
  55 yaks
  Grum (D:8)
  A vampire (D:14)
  A basilisk (shapeshifter) (Vaults:2)
  17 golden eyes
  2 basilisks
  A steam dragon (D:11)
  19 vampire mosquitoes
  3 hungry ghosts
  2 neqoxecs
  3 insubstantial wisps (Swamp:2)
  16 swamp worms
  4 acid dragons
  4 wargs
  40 nagas
  17 water moccasins
  A floating eye (Slime:2)
  6 sky beasts
  A deep troll skeleton (Vaults:3)
  9 porcupines
  A meliai simulacrum (D:15)
  8 swamp drakes
  45 orc warriors
  7 eyes of draining
  3 ice beasts
  A slave (D:8)
  5 necrophages (Lair:5)
  2 phantoms
  An eye of draining (shapeshifter) (D:14)
  32 ogres
  3 black bears
  8 human skeletons
  14 wolves
  25 centaurs
  9 crocodiles
  A small abomination (Abyss:2)
  7 big kobolds
  26 bullfrogs
  6 gnoll sergeants
  A wyvern zombie (D:15)
  An elf simulacrum (Vaults:1)
  3 scorpions
  10 killer bees
  7 wights
  6 electric eels
  8 howler monkeys
  A lava snake (D:14)
  3 centaur zombies
  13 crimson imps
  9 hounds
  A quasit (D:7)
  A bullfrog zombie (D:12)
  4 jellies
  35 orc priests
  5 centaur skeletons
  18 orc wizards
  4 bullfrog skeletons
  7 iguanas
  An iron imp (Orc:1)
  13 worker ants
  A killer bee zombie (D:8)
  A worker ant zombie (D:9)
  25 gnolls
  7 adders
  5 shadow imps
  A white imp (Orc:1)
  An ooze (D:3)
  7 worms
  A dart slug (D:1)
  6 leopard geckos
  90 orcs
  5 giant cockroaches
  7 goblins
  6 hobgoblins
  3 jackals
  23 kobolds
  6 quokkas
  8 bats
  6 frilled lizards
  A leopard gecko zombie (D:5)
  A quokka zombie (D:8)
  24 rats
  3 briar patches (Swamp:4)
  A bush (Lair:4)
  A fungus (Lair:6)
  A lurking horror (Abyss:2)
1609 creatures vanquished.

Vanquished Creatures (others)
  A yaktaur captain (Vaults:1)
  An alligator (Swamp:4)
  A centaur warrior (Vaults:1)
  3 naga sharpshooters
  2 swamp dragons (Swamp:4)
  A naga ritualist (Snake:1)
  An orc sorcerer (Orc:2)
  3 cyclopes
  3 naga magi (Snake:4)
  10 yaktaurs
  A spiny frog (Swamp:3)
  A swamp worm (Swamp:4)
  A swamp drake (Swamp:4)
  9 centaurs
  An orc wizard (D:14)
  3 orcs
  4 kobolds
  3 briar patches (Swamp:4)
  4 fungi
  7 plants
  6 starspawn tentacles (Abyss:2)
66 creatures vanquished.

Grand Total: 1675 creatures vanquished

Notes
Turn   | Place    | Note
-------+----------+-------------------------------------------
     0 | D:1      | monitor4703 the Minotaur Fighter began the quest for the
                  | Orb.
     0 | D:1      | Reached XP level 1. HP: 19/19 MP: 0/0
   216 | D:1      | Reached XP level 2. HP: 27/27 MP: 1/1
   774 | D:1      | Reached skill level 4 in Shields
  1104 | D:2      | Reached XP level 3. HP: 30/33 MP: 2/2
  1604 | D:2      | Reached XP level 4. HP: 40/40 MP: 3/3
  2006 | D:2      | Reached XP level 5. HP: 47/47 MP: 4/4
  3158 | D:3      | Reached skill level 5 in Fighting
  3158 | D:3      | Reached skill level 5 in Polearms
  3158 | D:3      | Reached XP level 6. HP: 56/56 MP: 5/5
  3440 | D:3      | Reached skill level 5 in Armour
  3661 | D:4      | Found Eplarheb's Weapon Shop.
  3789 | D:4      | Reached skill level 5 in Shields
  3894 | D:4      | Found an ancient bone altar of Kikubaaqudgha.
  3915 | D:4      | Found a blossoming altar of Fedhas.
  3939 | D:4      | Found Ucla's General Store.
  3947 | D:4      | Bought a scroll of fear for 42 gold pieces
  3947 | D:4      | Bought a potion of lignification for 36 gold pieces
  4588 | D:4      | Found Xoamubuf's Armour Emporium.
  4658 | D:4      | Reached XP level 7. HP: 44/61 MP: 3/6
  4899 | D:5      | Entered Level 5 of the Dungeon
  4905 | D:4      | Noticed Sigmund
  4934 | D:4      | Killed Sigmund
  5111 | D:5      | Found a hide-covered altar of Uskayaw.
  5231 | D:5      | Reached skill level 6 in Shields
  5335 | D:5      | Reached XP level 8. HP: 46/70 MP: 7/7
  5517 | D:5      | Found a radiant altar of Vehumet.
  5565 | D:5      | Identified the Compendium of Twisted Execration
  5579 | D:5      | Found a burning altar of Makhleb.
  5588 | D:5      | Found a shadowy altar of Dithmenos.
  5588 | D:5      | Found a glowing silver altar of Zin.
  5590 | D:5      | Found a hazy altar of Hepliaklqana.
  5591 | D:5      | Found a white marble altar of Elyvilon.
  5592 | D:5      | Found a basalt altar of Yredelemnul.
  5593 | D:5      | Found a shattered altar of Ashenzari.
  5816 | D:5      | Found a stormy altar of Qazlal.
  5975 | D:6      | Found a transporter.
  5986 | D:6      | Found a transporter.
  5986 | D:6      | Noticed raetorn's ghost (novice DgTm)
  6465 | D:6      | Found a staircase to the Ecumenical Temple.
  6474 | Temple   | Entered the Ecumenical Temple
  6497 | Temple   | Became a worshipper of Warmaster Okawaru
  6787 | D:6      | Reached skill level 7 in Shields
  7501 | D:6      | Reached XP level 9. HP: 79/79 MP: 8/8
  7753 | D:7      | Got a heavily runed brass ring
  8884 | D:7      | Reached skill level 10 in Polearms
  9133 | D:7      | Reached * piety under Okawaru
  9313 | D:7      | Reached skill level 8 in Shields
  9345 | D:8      | Noticed Grum
  9377 | D:8      | Killed Grum
  9739 | D:7      | Reached ** piety under Okawaru
  9946 | D:7      | Reached XP level 10. HP: 69/90 MP: 7/9
 10257 | D:8      | Noticed a manticore
 10269 | D:8      | Killed a manticore
 10582 | D:8      | Identified the ring "Mavephat" {Fire Int+7 Dex+3 Slay-6}
                  | (You found it on level 7 of the Dungeon)
 10919 | D:8      | Noticed Pikel
 10960 | D:8      | Killed Pikel
 10960 | D:8      | Reached *** piety under Okawaru
 10960 | D:8      | Reached skill level 9 in Shields
 11188 | D:9      | Found a sacrificial altar of Ru.
 11714 | D:9      | Found an ornate altar of the Wu Jian Council.
 11867 | D:8      | Reached **** piety under Okawaru
 12136 | D:9      | Reached XP level 11. HP: 99/99 MP: 10/10
 12259 | D:10     | Entered Level 10 of the Dungeon
 12570 | D:9      | Reached skill level 10 in Armour
 12577 | D:9      | Reached skill level 10 in Fighting
 12577 | D:9      | Reached skill level 10 in Shields
 13482 | D:11     | Reached ***** piety under Okawaru
 13621 | D:11     | Noticed Fannar
 13644 | D:11     | Killed Fannar
 13890 | D:11     | Received a gift from Okawaru
 14142 | D:11     | Found a staircase to the Lair.
 14197 | D:11     | Reached skill level 11 in Shields
 14453 | Lair:1   | Entered Level 1 of the Lair of Beasts
 14483 | Lair:1   | Reached skill level 1 in Invocations
 14483 | Lair:1   | Reached skill level 1 in Evocations
 14881 | Lair:1   | Reached XP level 12. HP: 110/110 MP: 12/12
 15786 | Lair:2   | Noticed a four-headed hydra
 15798 | Lair:1   | Killed a four-headed hydra
 15798 | Lair:1   | Reached skill level 12 in Shields
 16777 | Lair:1   | Received a gift from Okawaru
 16777 | Lair:1   | Reached skill level 5 in Invocations
 18254 | Lair:3   | Found a staircase to the Snake Pit.
 18843 | Lair:4   | Reached skill level 13 in Shields
 18900 | Lair:4   | Identified a scroll of acquirement
 19116 | Lair:4   | Reached XP level 13. HP: 122/122 MP: 16/16
 19680 | Lair:4   | Found the -2 hat of the Alchemist {rElec rPois rF+ rC+ rN+
                  | MR+ rMut rCorr}
 19759 | Lair:4   | Found a staircase to the Swamp.
 20791 | Lair:6   | Entered Level 6 of the Lair of Beasts
 20827 | Lair:6   | Noticed Urug
 20856 | Lair:6   | Killed Urug
 20964 | Lair:6   | Reached ****** piety under Okawaru
 21307 | Lair:6   | Reached skill level 14 in Shields
 21433 | Lair:5   | Received a gift from Okawaru
 21434 | Lair:5   | Got a warped hat {god gift}
 21574 | Lair:5   | Identified the +1 hat of the Doge {rF+ MR+ Str+4} (Okawaru
                  | gifted it to you on level 5 of the Lair of Beasts)
 21626 | Lair:6   | Found a staircase to the Slime Pits.
 21627 | Lair:6   | Found a viscous altar of Jiyva.
 23292 | Lair:5   | Reached XP level 14. HP: 133/133 MP: 19/19
 24093 | Lair:6   | Reached skill level 15 in Shields
 24160 | Lair:5   | Reached skill level 15 in Fighting
 25199 | D:12     | Received a gift from Okawaru
 25650 | D:12     | Found a staircase to the Orcish Mines.
 26427 | Swamp:1  | Entered Level 1 of the Swamp
 26835 | Swamp:1  | Noticed Josephine
 26896 | Swamp:1  | Killed Josephine
 27275 | Swamp:1  | Reached skill level 16 in Shields
 27576 | Swamp:1  | Noticed a tentacled monstrosity
 27604 | Swamp:1  | Killed a tentacled monstrosity
 27899 | Swamp:2  | Found a runed door.
 27899 | Swamp:2  | Found a shimmering altar of Xom.
 27899 | Swamp:2  | Noticed Ufederph's ghost (journeyman DsGl)
 28248 | Swamp:2  | Received a gift from Okawaru
 29070 | Swamp:2  | Reached XP level 15. HP: 49/145 MP: 4/20
 29399 | Swamp:3  | Reached skill level 15 in Polearms
 29584 | Swamp:3  | Reached skill level 17 in Shields
 30260 | Swamp:4  | Entered Level 4 of the Swamp
 31660 | Swamp:4  | Noticed a thorn hunter
 31687 | Swamp:4  | Received a gift from Okawaru
 31871 | Swamp:4  | Received a gift from Okawaru
 32329 | Swamp:4  | Noticed a thorn hunter
 32350 | Swamp:4  | Killed a thorn hunter
 32350 | Swamp:4  | Reached skill level 18 in Shields
 33057 | Swamp:4  | Got a decaying rune of Zot
 33108 | Swamp:4  | HP: 4/147 [thorn hunter (9)]
 33653 | Orc:1    | Entered Level 1 of the Orcish Mines
 34342 | Orc:1    | Received a gift from Okawaru
 34431 | Orc:2    | Entered Level 2 of the Orcish Mines
 34493 | Orc:2    | Found Tewei's Distillery.
 34889 | Orc:2    | Found Ofacvusa's Magic Scroll Shoppe.
 35072 | Orc:2    | Found Yparhun's Magic Scroll Emporium.
 35075 | Orc:2    | Noticed Snorg
 35101 | Orc:2    | Killed Snorg
 35432 | Orc:2    | Gained mutation: Your spells are a little easier to cast,
                  | but a little less powerful. [a neqoxec]
 35519 | Orc:2    | Reached XP level 16. HP: 82/155 MP: 13/21
 36063 | Orc:2    | Found Unattint's Gadget Boutique.
 36063 | Orc:2    | Found Xaomn's Antique Armour Shop.
 36063 | Orc:2    | Found a one-way gate leading to the halls of Pandemonium.
 36099 | Orc:2    | Found a staircase to the Elven Halls.
 36526 | Snake:1  | Entered Level 1 of the Snake Pit
 36605 | Snake:1  | Reached skill level 19 in Shields
 37849 | Snake:2  | Noticed Agnes
 37871 | Snake:2  | Killed Agnes
 37880 | Snake:2  | Received a gift from Okawaru
 38096 | Snake:2  | Got a distressingly furry plate armour {god gift}
 38117 | Snake:1  | Identified the +9 plate armour "Ocwot" {Stlth+} (Okawaru
                  | gifted it to you on level 2 of the Snake Pit)
 39187 | Snake:3  | Reached skill level 20 in Shields
 39889 | Snake:3  | Received a gift from Okawaru
 40664 | Snake:4  | Entered Level 4 of the Snake Pit
 40830 | Snake:4  | Reached XP level 17. HP: 155/166 MP: 22/22
 42050 | Snake:4  | Reached skill level 21 in Shields
 43104 | Snake:4  | Received a gift from Okawaru
 43287 | Snake:4  | Got a serpentine rune of Zot
 43748 | D:13     | Found Cafriaku's Armour Boutique.
 43816 | D:13     | Found a portal to a secret trove of treasure.
 44427 | D:13     | You paid a toll of a +5 demon whip to enter a treasure
                  | trove
 44428 | Trove    | Entered a treasure trove
 44811 | D:14     | Received a gift from Okawaru
 44906 | D:14     | Found a gate to the Vaults.
 45148 | D:15     | Entered Level 15 of the Dungeon
 45154 | D:15     | Reached skill level 22 in Shields
 45159 | D:15     | Reached XP level 18. HP: 176/176 MP: 23/23
 45282 | D:15     | Found a staircase to the Depths.
 46214 | Vaults:1 | Entered Level 1 of the Vaults
 46264 | Vaults:1 | Found Inoig Bugiubb's Weapon Boutique.
 46338 | Vaults:1 | Received a gift from Okawaru
 46462 | Vaults:1 | Received a gift from Okawaru
 47412 | Vaults:1 | Reached skill level 23 in Shields
 47606 | Vaults:1 | Received a gift from Okawaru
 48844 | Vaults:2 | Reached XP level 19. HP: 185/185 MP: 24/24
 48932 | Vaults:2 | Found a staircase to the Crypt.
 49227 | Vaults:2 | Found a runed gate.
 49227 | Vaults:2 | Found a runed gate.
 49228 | Vaults:2 | Found a runed gate.
 49337 | Vaults:2 | Found Ecedudd's Assorted Antiques.
 49739 | Vaults:2 | Received a gift from Okawaru
 50144 | Vaults:2 | Noticed Jiecvoet's ghost (veteran GrFi)
 50146 | Vaults:2 | Found an iron altar of Okawaru.
 50201 | Vaults:3 | Noticed a Brimstone Fiend
 50592 | Vaults:3 | Reached skill level 24 in Shields
 51038 | Vaults:3 | Received a gift from Okawaru
 51150 | Vaults:3 | Received a gift from Okawaru
 51157 | Vaults:3 | Got a transparent hat {god gift}
 51177 | Vaults:3 | Identified the +0 hat of Discretion {rC+ Str+6} (Okawaru
                  | gifted it to you on level 3 of the Vaults)
 52178 | Vaults:3 | Cast into level 2 of the Abyss (deep elf mage)
 52263 | Abyss:2  | Found a corrupted altar of Lugonu.
 52289 | Abyss:2  | Found a corrupted altar of Lugonu.
 52309 | Abyss:2  | Gained mutation: You are occasionally teleported next to
                  | monsters. [a neqoxec]
 52455 | Abyss:2  | Found a sparkling altar of Nemelex Xobeh.
 52694 | Abyss:2  | Reached XP level 20. HP: 198/198 MP: 25/25
 52716 | Abyss:2  | Paralysed by accursed screaming for 1 turns
 52725 | Abyss:2  | Paralysed by accursed screaming for 1 turns
 52798 | Vaults:3 | Escaped the Abyss
 53613 | Vaults:4 | Found Qetiarux's Antique Weapon Shop.
 53811 | Vaults:4 | Reached skill level 25 in Shields
 53836 | Vaults:4 | Received a gift from Okawaru
 53961 | Vaults:4 | Found a magical portal.
 55385 | Slime:1  | Entered Level 1 of the Pits of Slime
 55415 | Slime:1  | Gained mutation: Your magical capacity is low. (-10% MP) [a
                  | shining eye]
 55661 | Slime:2  | Gained mutation: Scrolls take you a little longer to read.
                  | [a shining eye]
 55679 | Slime:1  | Gained mutation: You can translocate small distances at
                  | will. [a shining eye]
 55932 | Slime:2  | Gained mutation: Your body sometimes deteriorates upon
                  | taking damage. [a shining eye]
 55980 | Slime:1  | Received a gift from Okawaru
 55985 | Slime:1  | Got a transparent plate armour {god gift}
 55996 | Slime:1  | Identified the +13 plate armour of the Onion {Int+2}
                  | (Okawaru gifted it to you on level 1 of the Pits of Slime)
 57294 | Slime:3  | Gained mutation: You tend to lose your temper in combat. [a
                  | shining eye]
 58103 | Slime:4  | Reached XP level 21. HP: 203/210 MP: 15/23
 58415 | Slime:5  | Entered Level 5 of the Pits of Slime
 58556 | Slime:4  | Received a gift from Okawaru
 58667 | Slime:4  | Gained mutation: You are frail. (-10% HP) [a shining eye]
 58702 | Slime:4  | Gained mutation: You do not regenerate when monsters are
                  | visible. [a shining eye]
 59585 | Slime:5  | Gained mutation: You are very frail. (-20% HP) [a shining
                  | eye]
 59744 | Slime:5  | Found a viscous altar of Jiyva.
 59859 | Slime:5  | Noticed the Royal Jelly
 60366 | Slime:5  | HP: 3/171 [the Royal Jelly (10)]
 60366 | Slime:5  | Splashed by the Royal Jelly's acid

Skill      XL: |  1  2  3  4  5  6  7  8  9 10 11 12 13 14 15 16 17 18 19 20 21 |
---------------+----------------------------------------------------------------+-----
Fighting       | 4 5 6 7 8 9 11 13 14 16 17 18 19 20 21 23 24 | 24.2
Polearms       | 3 4 5 6 7 9 11 12 14 16 17 18 19 20 21 22 | 22.0
Armour         | 4 5 6 7 8 9 10 | 10.0
Shields        | 4 5 6 7 8 9 11 13 14 16 18 20 22 23 24 25 | 25.0
Invocations    | 2 6 8 9 |  9.0
Evocations     | 1 4 |  4.0

Action                   |  1- 3 |  4- 6 |  7- 9 | 10-12 | 13-15 | 16-18 | 19-21 || total
-------------------------+-------+-------+-------+-------+-------+-------+-------++-------
Melee: Trident           |    79 |   231 |   388 |  1078 |  2185 |  1244 |       ||  5205
       Headbutt          |     7 |    28 |    58 |   228 |   583 |   492 |   476 ||  1872
       Demon trident     |       |       |       |       |       |   957 |  1609 ||  2566
Invok: Heroism           |       |       |       |     8 |    31 |    15 |    10 ||    64
       Finesse           |       |       |       |       |     8 |     7 |     5 ||    20
Evoke: Wand              |       |       |    10 |       |    16 |     7 |     1 ||    34
  Use: Scroll            |     1 |     3 |     3 |    17 |    20 |     6 |     3 ||    53
       Potion            |       |       |     2 |     1 |     6 |       |     4 ||    13
  Eat: Chunk             |     2 |    10 |    17 |    31 |    33 |    31 |    20 ||   144
       Ration            |       |       |       |       |     6 |     4 |     5 ||    15
Armor: Scale mail        |    23 |    37 |    77 |    58 |       |       |       ||   195
       Skin              |       |       |    29 |       |    11 |       |       ||    40
       Plate armour      |       |       |       |    86 |   465 |   345 |   370 ||  1266
Dodge: Dodged            |    26 |    29 |    91 |    99 |   297 |   167 |   151 ||   860
Block: Shield            |    30 |    99 |   343 |   543 |  1435 |  1290 |  1092 ||  4832
       Reflection        |       |     1 |    32 |    30 |    59 |   222 |    91 ||   435
